AoeStats
← El isra HD

Arena

510102628Analyzed
1v1 RM · 4d ago on Sep 29, 2026· 47m 51s· 2 players
Game mode
Random Map
Map size
Tiny (2 player)
Population
200
Speed
Normal
Resources
Standard
Victory
Conquest
Starting age
Dark Age
Ending age
Imperial Age
RankedLock teamsTeams togetherTeam positionsShared explorationLock speedFull tech treeHidden civsTurbo modeCheats
Victory
Defeat
🇹🇼 Malians · Taiwan
927
+14
🇦🇷 Tatars · Argentina
878
-33
El isra HD
10:23 Feudal Age
15:09 Double-Bit Axe
19:08 Castle Age
18:23 Fletching
18:32 Stone Mining
20:40 Loom
24:43 Padded Archer Armor
25:49 Bodkin Arrow
27:51 Ballistics
28:07 Scale Barding Armor
29:42 Forging
30:20 Town Watch
34:28 Gold Mining
36:49 Murder Holes
38:09 Silk Armor
41:16 Leather Archer Armor
台北夜總會
11:01 Feudal Age
12:19 Wheelbarrow
11:26 Horse Collar
11:35 Double-Bit Axe
15:51 Loom
18:33 Castle Age
16:58 Stone Mining
18:19 Forging
19:30 Hand Cart
20:42 Squires
22:54 Town Watch
23:06 Fletching
23:54 Town Patrol
28:29 Treadmill Crane
29:00 Fortified Wall
29:11 Ballistics
29:30 Bow Saw
31:13 Gold Mining
34:14 Imperial Age
32:37 Man-at-Arms
33:04 Arson
33:29 Bodkin Arrow
33:35 Scale Mail Armor
33:03 Elite Skirmisher
34:20 Iron Casting
34:07 Heavy Plow
33:57 Long Swordsman
33:58 Pikeman
36:20 Chemistry
35:21 Two-Handed Swordsman
36:19 Murder Holes
36:36 Masonry
37:48 Conscription
37:58 Champion
39:20 Capped Ram
46:13 Guilds
Connection lost

Rejoining the realm…

Still unreachable

The connection could not be restored.

Session expired

The server has moved on; the page needs a fresh start.